 Dungeon Crawl Stone Soup version 0.31.0-1-g2c135a008e (webtiles) character file.

Game seed: 4671896935179665322

683 qw the Shooter (level 7, -4/52 HPs)
             Began as a Djinni Hunter on Jan 24, 2024.
             Slain by a gnoll sergeant
             ... wielding a +0 spear
              (9 damage)
             ... on level 3 of the Dungeon.
             The game lasted 00:00:23 (4100 turns).

qw the Shooter (Djinni Hunter)                      Turns: 4100, Time: 00:00:24

Health: -4/52      AC: 13    Str: 10    XL:     7   Next: 93%
Gold:   212        EV: 11    Int: 11    God:
                   SH:  0    Dex: 18

rFire   + + .        a - +0 shortbow
rCold   . . .        (shield currently unavailable)
rNeg    . . .        f - +2 ring mail {rC+}
rPois   inf          (no helmet)
rElec   .            d - +1 cloak
rCorr   +            (no gloves)
SInv    .            (boots unavailable)
Will    .....        (no amulet)
Stlth   +            i - +4 ring of protection
HPRegen 0.28/turn    b - ring of resist corrosion
MPRegen 0.00/turn

%: infuse magic (-5 HP)
@: flying
A: sickness immunity, fire resistance 2, cold vulnerability 1, float, innate
caster, HP casting, extra vitality 1
a: no special abilities


You were on level 3 of the Dungeon.
You visited 1 branch of the dungeon, and saw 3 of its levels.
You also visited: Sewer.

You collected 212 gold pieces.


Innate Abilities, Weirdness & Mutations

You are immune to sickness and miasma.
You are immune to poison.
Your flesh is very heat resistant. (rF++)
You are vulnerable to cold. (rC-)
You float through the air rather than walking.
You learn spells naturally, not from books.
Your magical power is your life essence.
You have superior vitality. (+4 MHP)


   Skills:
 - Level 4.2 Fighting
 + Level 6.2 Ranged Weapons
 - Level 2.3 Armour
 - Level 3.0 Dodging
 - Level 0.7 Stealth


You knew the following spells:

 Your Spells              Type           Power      Damage    Failure   Level
a - Necrotise             Necr           0%         1d4       65%         1
b - Momentum Strike       Conj/Tloc      0%         3d8       80%         2
c - Tukima's Dance        Hex            0%         N/A       95%         3
Your spell library was empty.

Inventory:

Hand Weapons
 a - a +0 shortbow (weapon)
Armour
 d - a +1 cloak (worn)
 e - a +0 helmet
 f - a +2 ring mail of cold resistance (worn)
Jewellery
 b - a ring of resist corrosion (right hand)
 i - a +4 ring of protection (left hand)
Scrolls
 h - a scroll of fog {unknown}
Potions
 c - a potion of ambrosia {unknown}
 n - a potion of haste {unknown}
 o - 2 potions of enlightenment

Dungeon Overview and Level Annotations

Branches:
Dungeon (3/15)              Sewer (visited)

Altars:
Cheibriados
Dithmenos
Hepliaklqana
Makhleb
Wu Jian

Shops:
D:1 *:   D:2 :


Message History

The gnoll sergeant hits you from afar with a +0 spear.
You shoot an arrow. The gnoll sergeant blocks the arrow.
The gnoll sergeant hits you from afar with a +0 spear!
You shoot an arrow.
The arrow hits the gnoll sergeant but does no damage.
The gnoll sergeant is moderately wounded.
The gnoll sergeant closely misses you.
You shoot an arrow. The arrow hits the gnoll sergeant.
The gnoll sergeant is heavily wounded.
The gnoll sergeant hits you from afar with a +0 spear.
4093 ||| READING scroll of teleportation.
As you read the scroll of teleportation, it crumbles to dust.
You feel strangely unstable. The gnoll sergeant closely misses you.
You shoot an arrow.
The arrow hits the gnoll sergeant but does no damage.
The gnoll sergeant is heavily wounded.
The gnoll sergeant hits you from afar with a +0 spear.
You shoot an arrow.
The arrow hits the gnoll sergeant but does no damage.
The gnoll sergeant is heavily wounded.
The gnoll sergeant hits you but does no damage.
The gnoll sergeant hits you from afar with a +0 spear.
You shoot an arrow. The arrow hits the gnoll sergeant.
The gnoll sergeant is heavily wounded.
Your surroundings suddenly seem different.
You shoot an arrow. The arrow hits the gnoll sergeant.
The gnoll sergeant is heavily wounded.
You shoot an arrow.
The arrow closely misses the gnoll sergeant.
The gnoll sergeant hits you but does no damage.
You shoot an arrow. The arrow hits the gnoll sergeant.
The gnoll sergeant is severely wounded.
The gnoll sergeant hits you from afar with a +0 spear!
The gnoll sergeant barely misses you.
You shoot an arrow.
The arrow hits the gnoll sergeant but does no damage.
The gnoll sergeant is severely wounded.
The gnoll sergeant hits you from afar with a +0 spear!
You die...

....~~~~~~~~~~~~~~~~~~~~~~~~~~~~~
....~~#####~~~~~~~~~~~~~~~~~~~~~~
...)~~#...#...........)..........
....~~#...#'#####################
....~~###)#....'....#...##...#
....~~~.#.#....########....######
.P..~~~.#.#...g.......#....#.....
....~~~.#.##''#.......).~~.......
....~~~.#.....#.@.......~~.......
....~~~.#.)...#.......#..).#.....
....~~~.#.#####'#################
....~~~.#.#.[.#.......'....'.....
....~~~.#...#.#.^.....#)...#.....
...P~~###'#...#.......#..).#.....
....~~#...#############''''######
....~~#...#......................
....~~#####~~~~~~~~~~~~....~~~~~~


You could see a gnoll sergeant.

Vanquished Creatures
  A brain worm (Sewer)
  A howler monkey (D:3)
  A hound (D:3)
  A gnoll bouda (D:3)
  3 orc priests
  3 orc wizards
  15 gnolls (D:3)
  3 river rats (Sewer)
  4 adders
  2 dart slugs (Sewer)
  3 ribbon worms
  18 orcs
  8 ball pythons
  4 endoplasms
  11 giant cockroaches
  2 goblins
  5 hobgoblins
  18 jackals
  6 kobolds
  A quokka (Sewer)
  16 bats
  5 frilled lizards
  5 rats
136 creatures vanquished.

Notes
Turn   | Place    | Note
-------+----------+-------------------------------------------
     0 | D:1      | qw the Djinni Hunter began the quest for the Orb.
     0 | D:1      | Reached XP level 1. HP: 18/18 MP: 0/0
     0 | D:1      | 0 ||| qw: Version: 0.3-a-136-gdd3b4e8
     0 | D:1      | 0 ||| qw: Game counter: 1381
     0 | D:1      | 0 ||| qw: Melee chars always use a shield: true
     0 | D:1      | 0 ||| qw: God list: Okawaru
     0 | D:1      | 0 ||| qw: Allow faded altars: false
     0 | D:1      | 0 ||| qw: Do Orc after clearing Dungeon:15 true
     0 | D:1      | 0 ||| qw: Do second Lair branch before Depths: true
     0 | D:1      | 0 ||| qw: Lair rune preference: random
     0 | D:1      | 0 ||| qw: Goals: Normal
     0 | D:1      | 0 ||| PLANNING D:1-11
     5 | D:1      | Found Senit's Book Emporium.
    78 | D:1      | Found Mausytt's Assorted Antiques.
    83 | D:1      | 83 ||| SHOPLISTING 3 scrolls labelled CEMNIS XOUQEWE (66
                  | gold, have 14).
    83 | D:1      | 83 ||| SHOPLISTING lumpy cyan potion (19 gold, have 14).
    83 | D:1      | 83 ||| SHOPLISTING scroll labelled FOIREUK YMI TIGG (22
                  | gold, have 14).
    83 | D:1      | 83 ||| SHOPLISTING scroll labelled SEQOKAC OSUCK (22 gold,
                  | have 14).
    83 | D:1      | 83 ||| SHOPLISTING viscous orange potion (19 gold, have
                  | 14).
    94 | D:1      | Found Liom's Assorted Antiques.
   198 | D:1      | Reached XP level 2. HP: 23/23 MP: 0/0
   874 | D:1      | 874 ||| UPGRADING to +0 cloak.
   879 | D:1      | 879 ||| UPGRADING to +2 ring mail of cold resistance.
   889 | D:1      | 889 ||| DROPPING +0 leather armour.
   890 | D:1      | 890 ||| UPGRADING to +4 ring of protection.
   891 | D:1      | 891 ||| READING scroll labelled BITUSK ISASU.
   891 | D:1      | 891 ||| ENCHANTING +0 cloak.
   892 | D:1      | 892 ||| READING scroll labelled ZEDORU HEUZXIE.
   893 | D:1      | 893 ||| DROPPING scroll of butterflies.
   938 | D:2      | 938 ||| STAIRDANCE
  1114 | D:2      | Reached skill level 1 in Armour
  1114 | D:2      | Reached XP level 3. HP: 28/28 MP: 0/0
  1114 | D:2      | Learned a level 1 spell: Necrotise
  1124 | D:2      | Reached skill level 4 in Ranged Weapons
  1156 | D:2      | Found a faded altar of an unknown god.
  1173 | D:2      | Reached skill level 3 in Fighting
  1173 | D:2      | Reached XP level 4. HP: 15/35 MP: 0/0
  1656 | D:2      | Found Hiol's Book Emporium.
  1663 | D:2      | 1663 ||| UPGRADING to ring of resist corrosion.
  1859 | D:3      | 1859 ||| PLANNING SEWER
  2022 | D:3      | Found a glowing drain.
  2023 | D:3      | 2023 ||| READING scroll labelled TYPSOOWKUMP.
  2033 | Sewer    | Entered a sewer
  2139 | Sewer    | Reached XP level 5. HP: 40/40 MP: 0/0
  2139 | Sewer    | Learned a level 2 spell: Momentum Strike
  2206 | Sewer    | Noticed a brain worm
  2215 | Sewer    | Killed a brain worm
  2223 | Sewer    | Reached skill level 5 in Ranged Weapons
  2403 | Sewer    | Reached XP level 6. HP: 46/46 MP: 0/0
  2471 | Sewer    | Reached skill level 3 in Dodging
  2574 | Sewer    | 2574 ||| READING scroll labelled CEMNIS XOUQEWE.
  2579 | Sewer    | 2579 ||| READING scroll labelled ICYOHA XOELE.
  2680 | Sewer    | 2680 ||| READING scroll labelled FOIREUK YMI TIGG.
  2680 | Sewer    | 2680 ||| IDENTIFYING yellow potion
  2681 | Sewer    | 2681 ||| DROPPING potion of degeneration.
  2682 | Sewer    | 2682 ||| DROPPING potion of berserk rage.
  2683 | Sewer    | 2683 ||| DROPPING scroll of noise.
  2719 | D:3      | 2719 ||| PLANNING D:1-11
  3008 | D:3      | Reached XP level 7. HP: 46/52 MP: 0/0
  3008 | D:3      | Learned a level 3 spell: Tukima's Dance
  3033 | D:3      | 3033 ||| DRINKING 2 amethyst potions.
  3036 | D:3      | 3036 ||| DRINKING potion of curing.
  3036 | D:3      | 3036 ||| (to cure confusion)
  3064 | D:3      | HP: 12/52 [gnoll bouda/+0 whip (4)]
  3072 | D:3      | HP: 9/52 [orc/+2 dagger of speed (4)]
  3136 | D:3      | 3136 ||| FLEEEEING.
  3137 | D:3      | 3137 ||| FLEEEEING.
  3138 | D:3      | 3138 ||| FLEEEEING.
  3139 | D:3      | 3139 ||| FLEEEEING.
  3141 | D:3      | 3141 ||| FLEEEEING.
  3144 | D:3      | 3144 ||| FLEEEEING.
  3146 | D:3      | 3146 ||| FLEEEEING.
  3147 | D:3      | 3147 ||| FLEEEEING.
  3148 | D:3      | 3148 ||| FLEEEEING.
  3150 | D:3      | 3150 ||| FLEEEEING.
  3151 | D:3      | 3151 ||| FLEEEEING.
  3152 | D:3      | 3152 ||| FLEEEEING.
  3153 | D:3      | 3153 ||| FLEEEEING.
  3154 | D:3      | 3154 ||| FLEEEEING.
  3294 | D:3      | Reached skill level 6 in Ranged Weapons
  3402 | D:3      | Found a burning altar of Makhleb.
  3404 | D:3      | Found a snail-covered altar of Cheibriados.
  3404 | D:3      | Found an ornate altar of the Wu Jian Council.
  3447 | D:3      | Noticed a shadow
  3448 | D:3      | Found a shadowy altar of Dithmenos.
  3449 | D:3      | Found a hazy altar of Hepliaklqana.
  3651 | D:3      | HP: 6/52 [gnoll/+0 halberd (11)]
  3652 | D:3      | HP: 2/52 [gnoll/+1 flail of protection (2)]
  3727 | D:3      | 3727 ||| FLEEEEING.
  3730 | D:3      | 3730 ||| FLEEEEING.
  3731 | D:3      | 3731 ||| FLEEEEING.
  3732 | D:3      | 3732 ||| FLEEEEING.
  3734 | D:3      | 3734 ||| FLEEEEING.
  3735 | D:3      | 3735 ||| FLEEEEING.
  3736 | D:3      | 3736 ||| FLEEEEING.
  3737 | D:3      | 3737 ||| FLEEEEING.
  3738 | D:3      | 3738 ||| FLEEEEING.
  3739 | D:3      | 3739 ||| FLEEEEING.
  3740 | D:3      | 3740 ||| FLEEEEING.
  3741 | D:3      | 3741 ||| FLEEEEING.
  3742 | D:3      | 3742 ||| FLEEEEING.
  3747 | D:3      | 3747 ||| FLEEEEING.
  3748 | D:3      | 3748 ||| STAIRDANCE
  3836 | D:2      | 3836 ||| READING scroll of identify.
  3836 | D:2      | 3836 ||| IDENTIFYING blue potion
  3837 | D:2      | 3837 ||| READING scroll labelled ZUBLOT OREUSH.
  3838 | D:2      | 3838 ||| DRINKING 2 viscous orange potions.
  3839 | D:2      | 3839 ||| DROPPING potion of brilliance.
  3840 | D:2      | 3840 ||| DROPPING potion of invisibility.
  3848 | D:3      | 3848 ||| STAIRDANCE
  4092 | D:3      | HP: 11/52 [gnoll sergeant/+0 spear (6)]
  4093 | D:3      | 4093 ||| READING scroll of teleportation.
  4099 | D:3      | HP: 5/52 [gnoll sergeant/+0 spear (7)]
  4100 | D:3      | Slain by a gnoll sergeant

Levels and vault maps discovered:
D:1:      spicycebolla_green_bress_n_ham, layout_loops_corners, serial_shops,
          shop_fountains, shop, shop
D:2:      layout_basic, serial_shops, nicolae_book_shop_shelving,
          shapermc_ecumenical_altar_acropolis
D:3:      lemuel_castle_with_subvaults [lemuel_castle_interior_carwin_3],
          layout_loops_ring, grunt_temple_overflow_open,
          riverfiend_overflow_shadow_ancestor, portal_sewer_entry_f

Skill      XL: |  1  2  3  4  5  6  7 |
---------------+----------------------+-----
Armour         | 1 2 |  2.3
Ranged Weapons | 4 5 6 |  6.2
Fighting       | 3 4 |  4.2
Dodging        | 3 |  3.0
Stealth        | |  0.7

Action                     |  1- 3 |  4- 6 |  7- 9 || total
---------------------------+-------+-------+-------++-------
   Fire: Shortbow          |    69 |   259 |   223 ||   551
    Use: Scroll            |     2 |     4 |     3 ||     9
         Potion            |       |       |     3 ||     3
 Armour: Leather armour    |     9 |       |       ||     9
         Ring mail         |    13 |   111 |   217 ||   341
  Dodge: Dodged            |    11 |   127 |   175 ||   313

Table legend:
 A = Non-vault XP
 B = Vault XP
 C = Vault XP percentage of total XP
 D = Non-vault monster count
 E = Vault monster count
 F = Vault count percentage of total count
                 A         B        C        D         E       F
            +---------+---------+-------+---------+---------+-------
      Total |     265 |     711 |  72.8 |      54 |      82 |  60.3
            +---------+---------+-------+---------+---------+-------
        D:1 |      20 |       0 |   0.0 |      13 |       0 |   0.0
        D:2 |      80 |      41 |  33.9 |      19 |       1 |   5.0
        D:3 |     165 |     461 |  73.6 |      22 |      48 |  68.6
      Sewer |       0 |     209 | 100.0 |       0 |      33 | 100.0
            +---------+---------+-------+---------+---------+-------
